Map: Frozen Temple

Players

Fropez - Winner!

  • Race: Protoss Protoss
  • League: Gold
  • Spawn Location: 5:00

Daik

  • Race: Terran Terran
  • League: Platinum
  • Spawn Location: 11:00

VOD

Have the link to the VOD?

Description

Time

  • Played on: Nov. 15, 2016, 2:45 p.m.
  • Length: 17:24
Show
View Real Time Build Order
Export as new Build Order

Fropez Protoss - Winner!

Build Orders:  

Get SALT Encoding   

  12  0:02  Probe (Chrono Boost)  
  13  0:12  Probe (Chrono Boost)  
  14  0:22  Pylon  
  14  0:25  Probe (Chrono Boost)  
  15  0:40  Probe (Chrono Boost)  
  15  0:42  Assimilator  
  16  0:44  Gateway  
  16  0:52  Probe (Chrono Boost)  
  17  1:08  Gateway  
  17  1:26  Probe (Chrono Boost)  
  18  1:35  Assimilator  
  18  1:36  Probe (Chrono Boost)  
  19  1:40  Cybernetics Core  
  20  1:47  Probe (Chrono Boost)  
  20  1:54  Pylon  
  20  1:57  Probe (Chrono Boost)  
  21  2:08  Probe (Chrono Boost)  
  21  2:16  Warp Gate (Chrono Boost)  
  21  2:19  Mothership Core (Chrono Boost)  
  23  2:23  Adept x2  
  27  2:37  Pylon, Probe (Chrono Boost)  
  28  2:48  Probe, Robotics Facility  
  29  2:52  Stalker  
  31  2:59  Stalker  
  31  3:03  Probe  
  34  3:15  Probe  
  35  3:36  Nexus  
  34  4:03  Probe  
  34  4:04  Gateway  
  34  4:09  Immortal  
  39  4:20  Forge  
  39  4:27  Pylon  
  39  4:43  Pylon  
  39  4:46  Probe  
  40  4:53  Adept x2  
  40  4:56  Protoss Ground Weapons Level 1  
  40  4:59  Adept  
  46  5:03  Immortal (Chrono Boost)  
  46  5:32  Photon Cannon  
  46  5:40  Observer (Chrono Boost)  
  45  5:57  Stalker  
  45  5:58  Stalker x2  
  45  6:04  Assimilator  
  51  6:06  Assimilator  
  47  6:25  Stalker x2  
  51  6:34  Pylon  
  51  6:36  Pylon  
  51  6:38  Stalker  
  53  6:52  Pylon  
  53  6:58  Photon Cannon  
  53  7:04  Protoss Ground Armor Level 1  
  53  7:07  Stalker x2  
  53  7:08  Stalker  
  59  7:18  Twilight Council  
  59  7:21  Immortal (Chrono Boost)  
  63  7:52  Stalker x3  
  63  7:53  Probe x2  
  71  8:11  Probe x2  
  73  8:14  Photon Cannon  
  73  8:16  Pylon  
  73  8:19  Pylon  
  73  8:22  Pylon  
  73  8:23  Adept, Probe  
  73  8:24  Adept  
  78  8:41  Probe x2, Protoss Ground Weapons Level 2  
  80  8:56  Adept x3  
  80  8:57  Probe x2  
  88  9:03  Charge (Chrono Boost)  
  88  9:09  Probe  
  85  9:18  Zealot x3  
  91  9:24  Probe  
  91  9:25  Probe  
  93  9:32  Observer  
  93  9:37  Probe  
  95  9:45  Probe  
  96  9:49  Probe  
  97  9:58  Nexus  
  97  9:59  Photon Cannon  
  97  10:18  Zealot x3  
  103  10:23  Probe  
  103  10:24  Probe  
  104  10:43  Zealot x3  
  110  10:57  Gateway  
  77  11:39  Blink (Chrono Boost)  
  76  11:45  Gateway  
  72  11:47  Gateway  
  72  11:51  Gateway  
  67  12:09  Zealot  
  67  12:10  Zealot  
  65  12:15  Probe  
  65  12:16  Probe  
  65  12:21  Assimilator  
  67  12:34  Nexus  
  67  12:36  Pylon  
  67  12:37  Assimilator  
  67  12:38  Assimilator  
  67  12:39  Pylon  
  67  12:42  Pylon  
  67  12:43  Probe x2  
  67  12:44  Gateway  
  67  12:49  Templar Archives  
  69  12:51  Pylon  
  61  13:01  Zealot x5  
  61  13:21  Gateway  
  61  13:24  Zealot x3  
  61  13:25  Zealot x2  
  71  13:28  Probe  
  71  13:29  Probe  
  73  13:37  Assimilator  
  73  13:38  Probe  
  73  13:39  Assimilator  
  74  13:44  Psionic Storm  
  74  13:48  Probe  
  74  13:52  High Templar x5  
  85  14:23  Forge, Gateway  
  85  14:25  Probe  
  85  14:26  Probe  
  85  14:27  Gateway  
  87  14:32  High Templar x2  
  87  14:33  High Templar x3  
  87  14:37  Pylon  
  97  14:39  Pylon  
  97  14:41  Archon x2  
  97  14:44  Archon x2  
  97  14:52  High Templar, Archon  
  99  14:53  High Templar, Probe  
  99  14:55  Probe  
  103  15:00  Archon  
  103  15:05  Zealot  
  103  15:06  Zealot x4  
  113  15:22  Pylon  
  113  15:27  Probe  
  114  15:35  Probe x2, Cybernetics Core  
  114  15:38  Pylon  
  114  15:40  Pylon  
  114  15:41  High Templar x3  
  122  15:43  Pylon  
  119  16:08  Nexus  
  119  16:10  Pylon  
  111  16:12  Pylon  
  103  16:27  Archon  
  77  16:39  Zealot x3  
  59  16:40  Zealot x6  
  57  17:04  High Templar x4  
  57  17:05  High Templar x3  
  57  17:08  Archon x2  
  67  17:09  Archon  
  67  17:11  Stalker  
Show
View Real Time Build Order
Export as new Build Order

Daik Terran 

Build Orders: Cyclone Opening, MMM Bio 

Get SALT Encoding   

  12  0:01  SCV  
  13  0:13  SCV  
  14  0:18  Supply Depot  
  14  0:25  SCV  
  15  0:30  Refinery  
  15  0:40  SCV  
  16  0:47  Barracks  
  16  0:52  SCV  
  17  1:04  SCV  
  18  1:17  SCV  
  19  1:34  Factory  
  19  1:35  Orbital Command  
  19  1:40  Marine, Supply Depot  
  20  1:59  Marine  
  21  2:02  SCV  
  22  2:22  Factory Tech Lab  
  22  2:26  Marine  
  22  2:28  SCV, Command Center  
  24  2:39  Starport  
  28  2:51  Cyclone  
  28  2:55  SCV  
  28  2:57  Marine, Refinery  
  30  3:02  Bunker  
  30  3:08  SCV  
  30  3:09  Barracks  
  31  3:13  Supply Depot  
  31  3:24  Barracks Tech Lab  
  31  3:34  Widow Mine  
  31  3:35  SCV  
  34  3:47  SCV  
  35  4:00  SCV  
  36  4:03  Orbital Command, Cyclone  
  36  4:07  Refinery  
  40  4:11  Marine, Factory  
  40  4:12  Marine, SCV  
  40  4:16  Barracks  
  43  4:29  Marine  
  44  4:34  SCV x2  
  46  4:46  SCV x2  
  46  4:50  Refinery, Barracks Tech Lab  
  46  4:51  Stimpack  
  48  4:54  Marine  
  48  4:58  SCV x2  
  47  5:07  Marine  
  47  5:09  Factory Tech Lab  
  47  5:10  SCV  
  47  5:11  Marine, SCV  
  47  5:13  Starport  
  51  5:14  Widow Mine  
  53  5:22  SCV  
  54  6:03  Supply Depot  
  54  6:06  SCV  
  54  6:08  SCV  
  54  6:24  Marine x3, Widow Mine  
  54  6:25  SCV x2  
  61  6:28  Starport Reactor  
  61  6:29  Supply Depot  
  61  6:31  Supply Depot  
  61  6:32  Command Center  
  61  6:35  Siege Tank, Supply Depot  
  61  6:36  Combat Shields  
  61  6:37  SCV x2  
  66  6:42  Marine x2  
  66  6:43  Marauder  
  66  6:44  Supply Depot  
  70  6:50  SCV x2  
  72  6:56  Cyclone  
  72  7:00  Marauder  
  76  7:25  Medivac x2  
  76  7:26  Siege Tank  
  81  7:30  Marauder x2  
  85  7:41  Engineering Bay  
  85  7:43  Concussive Shells  
  81  7:44  Engineering Bay  
  77  7:51  Orbital Command  
  77  7:52  Marauder  
  79  8:00  Barracks x2, Medivac  
  79  8:01  Medivac  
  83  8:16  Marauder x2  
  83  8:17  Barracks Tech Lab  
  83  8:19  Refinery  
  87  8:27  Missile Turret  
  87  8:33  Terran Infantry Weapons Level 1, Terran Infantry Armor Level 1  
  87  8:36  Medivac x2  
  87  8:37  Marauder  
  92  8:47  Orbital Command  
  92  8:50  Missile Turret  
  92  9:08  SCV x2  
  94  9:12  Missile Turret  
  94  9:20  SCV x2, Marauder  
  94  9:21  Marauder x2  
  94  9:23  Barracks Tech Lab x2  
  102  9:28  Armory  
  102  9:32  SCV  
  102  9:34  Missile Turret  
  103  9:41  SCV x2, Marauder, Refinery  
  103  9:42  Marauder x2  
  103  9:44  Marauder x2  
  103  9:45  SCV  
  116  9:53  SCV  
  116  9:56  Supply Depot, Missile Turret  
  116  9:57  Supply Depot  
  116  9:59  Supply Depot  
  117  10:01  Supply Depot x2  
  117  10:02  Supply Depot  
  117  10:04  Medivac x2  
  117  10:05  SCV, Marauder x4  
  128  10:13  Marauder  
  130  10:18  Missile Turret  
  130  10:25  Marine  
  130  10:26  Marine, Marauder  
  130  10:27  Marauder  
  136  10:32  Starport  
  136  10:33  Starport  
  136  10:34  Terran Ship Weapons Level 1, Marine  
  137  10:37  Fusion Core  
  137  10:44  Marine, Marauder  
  137  10:47  Marauder  
  142  10:50  Marauder  
  142  10:52  Marauder  
  146  10:58  Missile Turret  
  146  11:02  Marauder  
  148  11:05  Marine  
  148  11:08  Marine  
  148  11:11  Marine  
  150  11:13  Marine  
  146  11:19  Missile Turret  
  146  11:22  Marine  
  146  11:23  Marine  
  146  11:26  Marine  
  147  11:39  Marauder  
  151  11:40  Marauder  
  151  11:41  Marauder x2, Missile Turret  
  151  11:44  Marine  
  154  12:00  Marine  
  154  12:01  Marauder  
  156  12:02  Marine, Marauder x2  
  159  12:19  Marine, Marauder  
  159  12:21  Missile Turret  
  162  12:23  Terran Infantry Weapons Level 2  
  162  12:24  Terran Infantry Armor Level 2  
  162  12:26  Starport Reactor  
  162  12:27  Starport Tech Lab  
  162  12:39  Command Center  
  162  12:42  Command Center  
  162  12:44  Missile Turret  
  162  12:54  Liberator x5  
  162  13:05  Command Center, Missile Turret  
  176  13:13  Advanced Ballistics  
  176  13:16  Terran Vehicle Weapons Level 1  
  176  13:20  Armory  
  176  13:36  Liberator  
  176  13:37  Liberator x4  
  176  13:42  Refinery  
  176  13:43  Refinery  
  176  13:44  Supply Depot x2  
  176  13:45  Supply Depot  
  191  14:04  Weapon Refit  
  191  14:07  Terran Vehicle And Ship Armor Level 1  
  191  14:14  Command Center  
  191  14:25  Liberator x3  
  191  14:26  Orbital Command  
  191  14:34  Orbital Command  
  191  14:43  Command Center  
  200  14:45  Command Center  
  200  14:50  Command Center  
  200  15:00  Refinery  
  200  15:02  Refinery  
  161  16:56  Marine x2, Marauder  
  161  16:57  Marauder x2  
Tags
 
Composition
MMM Bio
Matchup
PvT
Replay Pack
All Mines
Spawn Locations
Cross Positions
Add a new tag
Caveats
  • Supply blocks, unpowered buildings, or Contaminate may cause inaccurate times.
  • Supply counts are checked every 10 seconds.